AoeStats
← maneki_meko

Nomad

510857162Analyzed
2v2 RM · 10h ago on Oct 2, 2026· 38m 47s· 4 players
Game mode
Random Map
Map size
176×176
Population
200
Speed
Normal
Resources
Standard
Victory
Conquest
Starting age
Dark Age
Ending age
Imperial Age
RankedLock teamsTeams togetherTeam positionsShared explorationLock speedFull tech treeHidden civsTurbo modeCheats
Victory
Defeat
🇺🇸 Hindustanis · United States
651
+19
🇺🇸 Varangians · United States
641
+21
🇨🇦 Slavs · Canada
726
-50
🇺🇦 Saxons · Ukraine
726
-50
ELFLAMINGO5976
3:49 Loom
16:29 Feudal Age
22:32 Castle Age
25:03 Double-Bit Axe
25:21 Fletching
25:31 Padded Archer Armor
28:16 Elite Skirmisher
29:31 Forging
29:26 Scale Barding Armor
32:55 Bloodlines
32:45 Husbandry
36:03 Horse Collar
39:21 Squires
39:07 Gambesons
Chri6tina x
5:35 Loom
16:13 Feudal Age
17:59 Double-Bit Axe
26:43 Castle Age
26:57 Castle Age
25:41 Horse Collar
28:41 Stone Mining
32:17 Fletching
32:27 Padded Archer Armor
32:55 Elite Skirmisher
37:36 Bodkin Arrow
37:56 Leather Archer Armor
37:07 Crossbowman
37:53 Thumb Ring
maneki_meko
22:23 Feudal Age
25:00 Man-at-Arms
ravlyik
18:27 Feudal Age
22:53 Fishing Lines
23:32 Double-Bit Axe
26:27 Horse Collar
30:46 Castle Age
31:57 Bow Saw
31:56 Arson
32:12 Squires
31:59 Gambesons
31:58 Pikeman
35:16 Stone Mining
36:35 Medium Warships
36:32 Murder Holes
36:59 Ballistics
36:51 Masonry
Connection lost

Rejoining the realm…

Still unreachable

The connection could not be restored.

Session expired

The server has moved on; the page needs a fresh start.